Cogmind - Beta 14 @@@ ROGUE MODE // 2024.10.20 @ 22:43:25 Player: Proroxy Result: Destroyed by P-70 Sage with Tesla Rifle Performance ------------- Evolutions (6) 3000 Regions Visited (12) 2400 Robots Destroyed (60) 300 Value Destroyed (1731) 1731 Prototype IDs (4) 80 Alien Tech Used (0) 0 Bonus (500) 500 TOTAL SCORE: 8011 Bonus ------- Entered DSFs 500 Cogmind --------- Core Integrity 0/1150 Matter 553/700 Energy 99/100 System Corruption 2% Temperature Cool (57) Movement Core (50) Location -4/Factory Parts ------- > --- POWER (2) -------- (None) > --- PROPULSION (7) --- (None) > --- UTILITY (6) ------ Advanced Matter Compressor > --- WEAPON (4) ------- (None) > --- INVENTORY (5) ---- Advanced Weight Redist. System Advanced Thermal Shield Point Defense System Disruptor Cannon Peak State ------------ > --- POWER ------------ Improved Ion Engine > --- PROPULSION ------- Medium Treads Flexi-carbon Leg Flexi-carbon Leg Flexi-carbon Leg Armored Huge Wheel Field Propulsion Drive > --- UTILITY ---------- Matter Compressor Improved Targeting Computer Improved Targeting Computer Improved Targeting Computer Improved Targeting Computer Point Defense System > --- WEAPON ----------- Field Laser Makeshift Sword > --- INVENTORY -------- Phase Gun Disruptor Cannon Magnetic Acceleration Cannon [Rating: 62] Favorites ----------- Power Improved Ion Engine Engine Improved Ion Engine Power Core Light Nuclear Core Reactor Light Antimatter Reactor Propulsion Aluminum Leg Treads Medium Treads Leg Aluminum Leg Wheel Compact Wheel Hover Unit Gravmag System Flight Unit VTOL Module Utility System Shield Device Experimental Sensor Array Storage Small Storage Unit Processor Advanced Melee Analysis Suite Hackware System Shield Protection Power Shielding Weapon Axe Energy Gun Field Laser Energy Cannon Heavy Plasma Cannon Ballistic Gun Light Assault Rifle Launcher Grenade Launcher Special Weapon Welding Torch Slashing Weapon Axe Build | -11 -10 -10 -9 -9 -8 -7 -7 -7 -6 -5 -5 -4 ------- Run | Yrd Mat Min Mat Min Mat Fac Low Low Fac Fac DSF Fac Slots Evolved 12 | . . . 2 . 2 2 . . 2 2 . 2 Power 1 | . . . . . . 1 . . . . . . Propulsion 5 | . . . 1 . . 1 . . 1 1 . 1 Utility 4 | . . . 1 . 2 . . . . . . 1 Weapon 2 | . . . . . . . . . 1 1 . . Parts Attached 155 | 9 3 11 8 1 32 18 21 4 16 1 4 27 Power 22 | 1 . 2 3 . 2 4 2 1 3 . . 4 Engine 19 | 1 . 2 3 . 2 3 1 1 3 . . 3 Core 2 | . . . . . . 1 1 . . . . . Reactor 1 | . . . . . . . . . . . . 1 Propulsion 43 | 4 . 3 1 . 11 3 7 . 3 . . 11 Treads 2 | . . . . . 1 . . . . . . 1 Leg 21 | 2 . 2 1 . 6 2 2 . 3 . . 3 Wheel 7 | 2 . . . . . . . . . . . 5 Hover 4 | . . 1 . . . . 2 . . . . 1 Flight 9 | . . . . . 4 1 3 . . . . 1 Utility 50 | 2 1 1 3 . 11 7 8 1 3 1 3 9 Device 13 | 1 . 1 . . 2 2 1 1 1 1 . 3 Storage 8 | 1 . . . . 1 2 2 . . . . 2 Processor 8 | . . . . . 1 1 2 . . . . 4 Hackware 3 | . . . . . 1 . 1 . . . 1 . Protection 18 | . 1 . 3 . 6 2 2 . 2 . 2 . Artifact . | . . . . . . . . . . . . . Weapon 40 | 2 2 5 1 1 8 4 4 2 7 . 1 3 Energy Gun 14 | 2 . 2 1 1 4 1 . 1 1 . . 1 Energy Cannon 4 | . . . . . . 1 2 . 1 . . . Ballistic Gun 9 | . 1 1 . . 3 1 1 . . . 1 1 Ballistic Cannon . | . . . . . . . . . . . . . Launcher 3 | . 1 2 . . . . . . . . . . Special Weapon 3 | . . . . . 1 . 1 . 1 . . . Impact Weapon . | . . . . . . . . . . . . . Slashing Weapon 7 | . . . . . . 1 . 1 4 . . 1 Piercing Weapon . | . . . . . . . . . . . . . Special Melee Weapon . | . . . . . . . . . . . . . Unidentified Prototypes 4 | . . 1 . . 1 1 . . . . . 1 Parts Lost 56 | . . 3 2 . 3 6 3 . 9 . 9 21 Power 10 | . . . 1 . 1 . 1 . 2 . 1 4 Propulsion 21 | . . 2 . . . 4 . . 5 . 1 9 Utility 19 | . . . 1 . 2 1 2 . 2 . 5 6 Weapon 6 | . . 1 . . . 1 . . . . 2 2 Highest Loss Streak 17 | . . 2 2 . 3 5 3 . 8 . 9 17 To Critical Strikes . | . . . . . . . . . . . . . Average Slot Usage (%) 84 | . 100 98 99 100 95 92 88 100 93 47 28 34 Engine 7 | . 14 14 10 11 8 8 5 7 6 5 1 1 Core 1 | . . . . . . 2 6 7 5 . . . Leg 15 | . . 16 33 33 18 22 2 7 19 5 1 4 Wheel 2 | . 28 10 . . . . . . . . . 1 Flight 5 | . . . . . 4 3 19 23 9 . . . Device 6 | . 3 5 11 11 8 1 11 7 2 5 3 1 Storage 7 | . 14 14 11 11 7 7 3 . . . . 4 Processor 4 | . . . . . 1 5 5 15 13 11 9 7 Hackware 4 | . . . . . 3 7 12 15 13 5 2 . Protection 9 | . 10 8 10 11 22 15 1 . 2 5 2 2 Energy Gun 4 | . 15 3 11 11 7 3 . 4 2 . . . Ballistic Gun 4 | . 10 1 11 11 8 4 3 2 . . 1 . Launcher 2 | . 1 22 . . . . . . . . . . Slashing Weapon 3 | . . . . . . 5 7 7 11 5 2 4 Peak Build Rating 62 | 9 9 15 19 23 29 38 39 44 55 39 32 62 Average Rating 25 | 5 8 9 17 20 22 32 33 42 49 31 21 29 On Entrance 21 | . 9 7 15 19 23 25 18 39 44 37 30 10 Naked Turns . | . . . . . . . . . . . . . Heaviest Build 40 | 12 14 15 19 20 25 40 28 21 40 22 22 27 Greatest Support 67 | 32 32 32 30 30 40 50 21 21 67 22 22 60 Greatest Overweight (x) 7 | 1 . 4 . . 1 7 1 . 2 . 1 7 Average Overweight (x) . | . . . . . . . . . . . . 1 Largest Inventory Capacity 10 | 8 8 8 8 8 8 5 10 5 5 5 5 5 Average Capacity 6 | 6 8 8 8 8 5 5 5 5 5 5 5 5 Most Carried 8 | 8 8 8 6 8 8 5 6 5 5 4 5 5 Average Carried 5 | 5 7 6 3 6 5 4 3 4 4 3 4 4 Final Capacity 8 | 8 8 8 8 8 5 5 5 5 5 5 5 5 Final Carried 8 | 8 8 4 5 8 4 5 5 5 3 4 5 4 Class Distribution -------------------- 43% | Scavenger-Mutant 41% | Mutant 5% | Scavenger-Sprinter 5% | Hacker-Mutant 3% | Hacker-Gladiator Dominant Class ---------------- Mutant | -10/Materials Mutant | -10/Mines Scavenger-Mutant | -9/Materials Scavenger-Mutant | -9/Mines Scavenger-Mutant | -8/Materials Scavenger-Mutant | -7/Factory Scavenger-Sprinter | -7/Lower Caves Scavenger-Mutant | -7/Lower Caves Scavenger-Mutant | -6/Factory Scavenger-Mutant | -5/Factory Mutant | -5/DSF Mutant | -4/Factory Resources | -11 -10 -10 -9 -9 -8 -7 -7 -7 -6 -5 -5 -4 ----------- Run | Yrd Mat Min Mat Min Mat Fac Low Low Fac Fac DSF Fac Matter Collected 2337 | 290 65 182 138 22 506 304 200 40 130 . 10 450 Remotely . | . . . . . . . . . . . . . Salvage Created 2914 | 104 108 169 152 77 437 284 217 76 656 . 65 569 Parts 148 | 13 6 14 13 4 34 9 10 3 22 . 3 17 Haulers Intercepted 1 | . . . . . . . . . . . . 1 Recyclers Shooed 2 | . . . . . 1 . . . 1 . . . Parts Field Recycled . | . . . . . . . . . . . . . Retrieved Matter . | . . . . . . . . . . . . . Parts Self-Destructed 8 | . . . . . . . 6 2 . . . . Prevented . | . . . . . . . . . . . . . Kills | -11 -10 -10 -9 -9 -8 -7 -7 -7 -6 -5 -5 -4 ------- Run | Yrd Mat Min Mat Min Mat Fac Low Low Fac Fac DSF Fac Combat Hostiles Destroyed 40 | . . 9 3 1 11 5 2 1 4 . 1 3 Melee 13 | . . . . . . 2 2 1 4 . 1 3 Guns 17 | . . 1 3 1 11 1 . . . . . . Cannons 2 | . . . . . . 2 . . . . . . AOE 7 | . . 7 . . . . . . . . . . Classes Destroyed 16 | 3 2 2 1 1 2 1 1 . 1 . 1 1 Worker 5 | 2 . . . . 2 1 . . . . . . Builder 2 | . 1 . . 1 . . . . . . . . Tunneler 1 | 1 . . . . . . . . . . . . Hauler 1 | . . . . . . . . . . . . 1 Recycler 9 | 1 1 . . 1 1 . . . 3 . . 2 Operator 1 | . . . . . 1 . . . . . . . Watcher 1 | . 1 . . . . . . . . . . . Swarmer 13 | . . 3 . . 7 1 2 . . . . . Grunt 15 | . . 6 . . 1 3 . . 3 . . 2 Brawler 1 | . . . . . . 1 . . . . . . Sentry 6 | . . . 3 . 2 . . 1 . . . . Demolisher 1 | . . . . 1 . . . . . . . . Specialist 1 | . . . . . . . . . . . 1 . Hunter 1 | . . . . . 1 . . . . . . . Programmer 2 | . . . . . . . . . 1 . . 1 Decomposer 1 | . . . . . . . . 1 . . . . Packrat 1 | . . . . . . . 1 . . . . . Samaritan 1 | . . . . . . . 1 . . . . . Best Kill Streak 7 | 3 1 7 2 2 3 2 2 1 6 . 1 2 Combat Bots Only 7 | . . 7 2 1 3 2 2 1 3 . 1 1 Max Kills in Single Turn 4 | 2 1 4 1 1 1 1 1 1 1 . 1 1 Gunslinging . | . . . . . . . . . . . . . Exploded 4 | . . 4 . . . . . . . . . . Melee 1 | . . . . . . 1 1 1 1 . 1 1 Uniques/NPCs Destroyed . | . . . . . . . . . . . . . Combat | -11 -10 -10 -9 -9 -8 -7 -7 -7 -6 -5 -5 -4 -------- Run | Yrd Mat Min Mat Min Mat Fac Low Low Fac Fac DSF Fac Hostile Shots Fired 699 | . . 28 38 4 79 142 29 9 74 . 98 198 Missed 217 | . . 5 12 . 22 56 10 6 21 . 20 65 Damage Taken 8235 | . 5 359 386 156 697 937 290 28 984 . 1639 2754 Core 2769 | . . 71 60 33 127 167 163 . 128 . 868 1152 Absorbed by Shields . | . . . . . . . . . . . . . Redirected to Shielding 189 | . . 12 4 11 89 47 26 . . . . . Ignored by Resistances 9 | . . . . . . . . . . . 9 . Core Remaining (%) 67 | 100 . 71 . 76 76 . . 52 84 . 13 . Volleys Fired 133 | 6 7 13 14 12 56 8 11 . . . 1 5 Largest 2 | 2 2 2 2 2 2 2 1 . . . 1 1 Hottest 97 | 90 80 70 76 95 95 97 20 . . . 33 63 Shots Fired 227 | 10 14 26 28 24 93 15 11 . . . 1 5 Gun 187 | 10 12 14 28 24 85 8 . . . . 1 5 Cannon 7 | . . . . . . 7 . . . . . . Launcher 14 | . 2 12 . . . . . . . . . . Special 19 | . . . . . 8 . 11 . . . . . Kinetic 107 | . 5 7 14 12 57 8 . . . . 1 3 Thermal 99 | 10 7 7 14 12 36 . 11 . . . . 2 Explosive 14 | . 2 12 . . . . . . . . . . Electromagnetic 7 | . . . . . . 7 . . . . . . Robot Hit Streak 13 | 3 7 12 10 13 7 4 4 . . . . 2 Robot Miss Streak 8 | 1 3 4 2 2 7 8 4 . . . 1 2 Penetration Max . | . . . . . . . . . . . . . Secondary Targets . | . . . . . . . . . . . . . Shots Hit Robots 202 | 6 8 18 22 16 50 22 8 2 19 . 5 26 Core Hits 100 | 5 4 19 7 5 22 9 6 1 9 . 2 11 Critical Kills . | . . . . . . . . . . . . . Critical Parts Destroyed 1 | . . . . . . . . . . . . 1 Critical Strikes 14 | . . 2 1 . 1 1 . . 5 . . 4 Burn 4 | . . 2 1 . 1 . . . . . . . Destroy 1 | . . . . . . . . . . . . 1 Sever 9 | . . . . . . 1 . . 5 . . 3 Melee Attacks 96 | . . . . . . 19 8 2 23 . 5 39 Impact . | . . . . . . . . . . . . . Slashing 96 | . . . . . . 19 8 2 23 . 5 39 Piercing . | . . . . . . . . . . . . . Sneak Attacks 12 | . . . . . . 1 1 1 5 . . 4 Combat Hostiles 1 | . . . . . . . . . 1 . . . Follow-up Attacks 2 | . . . . . . . . . 2 . . . Damage Inflicted 5511 | 91 198 685 239 201 795 711 210 137 1012 . 197 1035 Guns 1690 | 91 90 114 239 201 787 106 . . . . . 62 Cannons 176 | . . . . . . 176 . . . . . . Explosions 679 | . 108 571 . . . . . . . . . . Melee 2898 | . . . . . . 429 158 137 1012 . 197 965 Ramming 8 | . . . . . . . . . . . . 8 Kinetic 923 | . 40 53 76 63 539 106 . . . . . 46 Thermal 827 | 91 50 61 163 138 256 . 52 . . . . 16 Explosive 679 | . 108 571 . . . . . . . . . . Electromagnetic 176 | . . . . . . 176 . . . . . . Impact . | . . . . . . . . . . . . . Slashing 2898 | . . . . . . 429 158 137 1012 . 197 965 Piercing . | . . . . . . . . . . . . . Highest Corruption 2 | . . . . . . . . . . . 1 2 Average Corruption 1 | . . . . . . . . . . . 1 1 Corruption Purged . | . . . . . . . . . . . . . Corruption Blocked . | . . . . . . . . . . . . . Effects 1 | . . . . . . . . . . . . 1 Heat Flow Errors 1 | . . . . . . . . . . . . 1 Overload Shots . | . . . . . . . . . . . . . Overflow Damage 335 | . 16 13 . . . 16 82 82 56 . . 70 Projectiles 2 | . . . . . . 2 . . . . . . Explosions 29 | . 16 13 . . . . . . . . . . Melee 304 | . . . . . . 14 82 82 56 . . 70 Knockbacks . | . . . . . . . . . . . . . Impact . | . . . . . . . . . . . . . Kinetic . | . . . . . . . . . . . . . Secondary . | . . . . . . . . . . . . . Self-Inflicted Damage 28 | . 5 19 . . . . . . . . . 4 Shots 2 | . 1 1 . . . . . . . . . . Rammed 2 | . . . . . . . . . . . . 2 Targets Rammed 2 | . . . . . . . . . . . . 2 Kicked . | . . . . . . . . . . . . . Crushed . | . . . . . . . . . . . . . Highest Temperature 312 | 60 36 147 204 106 60 312 . . 11 . . 143 Average Temperature 56 | 26 15 61 77 39 21 160 . . 6 . . 100 Received Heat Transfer 1726 | . . 153 144 . 135 285 . 12 465 . 234 298 Effects 1 | . . . . . . 1 . . . . . . Interference 1 | . . . . . . 1 . . . . . . Siege Activations . | . . . . . . . . . . . . . Robots Corrupted . | . . . . . . . . . . . . . Combat Hostiles . | . . . . . . . . . . . . . Parts Fried . | . . . . . . . . . . . . . Impact Corruptions . | . . . . . . . . . . . . . Robots Melted 1 | . . 1 . . . . . . . . . . Combat Hostiles 1 | . . 1 . . . . . . . . . . Parts Melted 2 | . . . . 2 . . . . . . . . Heat Transferred 2420 | 236 148 333 518 296 667 . 185 . . . . 37 Parts Sabotaged . | . . . . . . . . . . . . . Parts Stolen . | . . . . . . . . . . . . . Parts Stripped . | . . . . . . . . . . . . . Power Chain Reactions . | . . . . . . . . . . . . . Alert | -11 -10 -10 -9 -9 -8 -7 -7 -7 -6 -5 -5 -4 ------- Run | Yrd Mat Min Mat Min Mat Fac Low Low Fac Fac DSF Fac Peak Influence 306 | 20 58 277 130 50 306 185 . . 151 . 20 87 Initial 55 | . 13 22 26 50 1 55 . . 12 . . . Average 80 | 3 44 128 61 33 154 93 . . 91 . 4 20 Maximum Alert Level 1 | . . 1 . . 1 . . . . . . . Low Security (%) 89 | 100 100 72 100 100 66 100 . . 100 100 100 100 Level 1 10 | . . 27 . . 33 . . . . . . . Level 2 . | . . . . . . . . . . . . . Level 3 . | . . . . . . . . . . . . . Level 4 . | . . . . . . . . . . . . . Level 5 . | . . . . . . . . . . . . . High Security . | . . . . . . . . . . . . . Max Security . | . . . . . . . . . . . . . Squads Dispatched 16 | . 1 . 1 . 3 4 . . 3 . 1 3 Investigation 4 | . 1 . 1 . . 1 . . 1 . . . Extermination 3 | . . . . . . . . . 1 . . 2 Reinforcement 4 | . . . . . 1 . . . 1 . 1 1 Assault . | . . . . . . . . . . . . . Garrison 5 | . . . . . 2 3 . . . . . . Intercept . | . . . . . . . . . . . . . Searches Triggered . | . . . . . . . . . . . . . Construction Impeded . | . . . . . . . . . . . . . Haulers Reinforced . | . . . . . . . . . . . . . Active Scanning Responses . | . . . . . . . . . . . . . Cargo Convoy Interrupts . | . . . . . . . . . . . . . Stealth | -11 -10 -10 -9 -9 -8 -7 -7 -7 -6 -5 -5 -4 --------- Run | Yrd Mat Min Mat Min Mat Fac Low Low Fac Fac DSF Fac Distress Signals 4 | . 1 . . . 2 . . . . . . 1 Communications Jammed . | . . . . . . . . . . . . . Distress Signals . | . . . . . . . . . . . . . Times Spotted 87 | . 3 10 3 1 21 9 3 1 14 . 6 16 Peak Tracking Total 8 | . 3 5 2 1 5 3 3 1 8 . 5 7 Tactical Retreats 7 | . . . . . 2 2 . . 1 . 1 1 Traps | -11 -10 -10 -9 -9 -8 -7 -7 -7 -6 -5 -5 -4 ------- Run | Yrd Mat Min Mat Min Mat Fac Low Low Fac Fac DSF Fac Traps Triggered 6 | . . . . . 2 2 . . 1 . . 1 Indirectly . | . . . . . . . . . . . . . Trap Hack Attempts . | . . . . . . . . . . . . . Triggered . | . . . . . . . . . . . . . Disarmed . | . . . . . . . . . . . . . Reprogrammed . | . . . . . . . . . . . . . Reused . | . . . . . . . . . . . . . Traps Extracted . | . . . . . . . . . . . . . Installed . | . . . . . . . . . . . . . Triggered 1 | . . . . . . . . 1 . . . . Most Traps Carried 1 | . . . . 1 . . . . . . . . Machines | -11 -10 -10 -9 -9 -8 -7 -7 -7 -6 -5 -5 -4 ---------- Run | Yrd Mat Min Mat Min Mat Fac Low Low Fac Fac DSF Fac Machines Disabled 5 | . . 2 . . 3 . . . . . . . Max in Single Turn 2 | . . 2 . . 1 . . . . . . . Machines Repaired . | . . . . . . . . . . . . . Machines Dismantled . | . . . . . . . . . . . . . Machines Sabotaged . | . . . . . . . . . . . . . Overloaded Fab Kills . | . . . . . . . . . . . . . Hacking | -11 -10 -10 -9 -9 -8 -7 -7 -7 -6 -5 -5 -4 --------- Run | Yrd Mat Min Mat Min Mat Fac Low Low Fac Fac DSF Fac Machines Accessed 17 | . . . 1 . 5 5 1 . 3 1 . 1 Terminals 11 | . . . . . 5 3 . . 2 1 . . Fabricators 1 | . . . . . . 1 . . . . . . Repair Stations . | . . . . . . . . . . . . . Recycling Units 1 | . . . . . . . . . . . . 1 Scanalyzers 2 | . . . 1 . . . . . 1 . . . Garrison Access 1 | . . . . . . 1 . . . . . . Total Hacks 38 | . . . 3 . 17 11 1 . 4 1 . 1 Successful 22 | . . . 3 . 10 5 1 . 2 1 . . Failed 16 | . . . . . 7 6 . . 2 . . 1 Catastrophic 6 | . . . . . 1 4 . . . . . 1 Database Lockouts . | . . . . . . . . . . . . . Manual . | . . . . . . . . . . . . . Terminals 29 | . . . . . 17 8 . . 3 1 . . Fabricators 1 | . . . . . . 1 . . . . . . Repair Stations . | . . . . . . . . . . . . . Recycling Units 1 | . . . . . . . . . . . . 1 Scanalyzers 4 | . . . 3 . . . . . 1 . . . Garrison Access 2 | . . . . . . 2 . . . . . . Terminal Hacks 18 | . . . . . 10 4 1 . 2 1 . . Record 10 | . . . . . 7 3 . . . . . . Open Door 1 | . . . . . . . 1 . . . . . Open DSF 3 | . . . . . . . . . 2 1 . . Emergency Access Points 1 | . . . . . 1 . . . . . . . Dispatch Records 2 | . . . . . 2 . . . . . . . Maintenance Status 1 | . . . . . . 1 . . . . . . Fabricator Hacks 1 | . . . . . . 1 . . . . . . Network Status 1 | . . . . . . 1 . . . . . . Repair Station Hacks . | . . . . . . . . . . . . . Recycling Unit Hacks . | . . . . . . . . . . . . . Scanalyzer 3 | . . . 3 . . . . . . . . . Insert Component 2 | . . . 2 . . . . . . . . . Analyze 1 | . . . 1 . . . . . . . . . Garrison Access Hacks . | . . . . . . . . . . . . . Unauthorized Hacks . | . . . . . . . . . . . . . Terminals . | . . . . . . . . . . . . . Fabricators . | . . . . . . . . . . . . . Repair Stations . | . . . . . . . . . . . . . Recycling Units . | . . . . . . . . . . . . . Scanalyzers . | . . . . . . . . . . . . . Garrison Access . | . . . . . . . . . . . . . Data Cores Recovered . | . . . . . . . . . . . . . Used . | . . . . . . . . . . . . . Hacking Detections 12 | . . . 1 . 4 4 . . 1 1 . 1 Full Trace Events 1 | . . . 1 . . . . . . . . . Feedback Events . | . . . . . . . . . . . . . Feedback Blocked . | . . . . . . . . . . . . . Robot Schematics Acquired . | . . . . . . . . . . . . . Robots Built . | . . . . . . . . . . . . . Authchips . | . . . . . . . . . . . . . Time . | . . . . . . . . . . . . . Total Robot Build Rating . | . . . . . . . . . . . . . Part Schematics Acquired 1 | . . . 1 . . . . . . . . . Parts Built . | . . . . . . . . . . . . . Authchips . | . . . . . . . . . . . . . Time . | . . . . . . . . . . . . . Total Part Build Rating . | . . . . . . . . . . . . . Parts Repaired . | . . . . . . . . . . . . . Time . | . . . . . . . . . . . . . Parts Recycled . | . . . . . . . . . . . . . Recycled Matter . | . . . . . . . . . . . . . Retrieved Matter . | . . . . . . . . . . . . . Retrieved Components . | . . . . . . . . . . . . . Parts Scanalyzed 1 | . . . 1 . . . . . . . . . Part Schematics Acquired 1 | . . . 1 . . . . . . . . . Parts Damaged . | . . . . . . . . . . . . . Bothacking | -11 -10 -10 -9 -9 -8 -7 -7 -7 -6 -5 -5 -4 ------------ Run | Yrd Mat Min Mat Min Mat Fac Low Low Fac Fac DSF Fac Used RIF Installer . | . . . . . . . . . . . . . Robots Hacked . | . . . . . . . . . . . . . Non-combat . | . . . . . . . . . . . . . Combat . | . . . . . . . . . . . . . Robot Hacks Applied . | . . . . . . . . . . . . . Relay Couplers Released . | . . . . . . . . . . . . . Fabnet Peak Effective % . | . . . . . . . . . . . . . Robots Rewired . | . . . . . . . . . . . . . Allies Hacked . | . . . . . . . . . . . . . Hacks Repelled . | . . . . . . . . . . . . . Allies | -11 -10 -10 -9 -9 -8 -7 -7 -7 -6 -5 -5 -4 -------- Run | Yrd Mat Min Mat Min Mat Fac Low Low Fac Fac DSF Fac Total Allies 2 | . . . . 2 . . . . . . . . Largest Group 2 | . . . . 2 . . . . . . . . Highest-Rated Group 42 | . . . . 42 . . . . . . . . Highest-Rated Ally 31 | . . . . 31 . . . . . . . . Total Orders . | . . . . . . . . . . . . . Ally Attacks 2 | . . . . 2 . . . . . . . . Total Damage . | . . . . . . . . . . . . . Kills . | . . . . . . . . . . . . . Allies Corrupted . | . . . . . . . . . . . . . Allies Melted . | . . . . . . . . . . . . . Intel | -11 -10 -10 -9 -9 -8 -7 -7 -7 -6 -5 -5 -4 ------- Run | Yrd Mat Min Mat Min Mat Fac Low Low Fac Fac DSF Fac Robot Analysis Total . | . . . . . . . . . . . . . Derelict Logs Recovered 1 | . . . . . . . 1 . . . . . Drone Launches . | . . . . . . . . . . . . . Drone Recoveries . | . . . . . . . . . . . . . Exploration | -11 -10 -10 -9 -9 -8 -7 -7 -7 -6 -5 -5 -4 ------------- Run | Yrd Mat Min Mat Min Mat Fac Low Low Fac Fac DSF Fac Turns Passed 5176 | 107 226 609 238 522 827 569 644 99 434 8 87 806 Spaces Moved 4066 | 63 145 429 143 356 431 353 1226 171 372 6 59 312 Core 250 | 19 . 4 . . . 6 57 . . . 32 132 Treads 38 | . . . . . 38 . . . . . . . Legs 1807 | 21 . 271 143 356 329 347 . . 232 6 27 75 Wheels 397 | 23 145 154 . . . . . . . . . 75 Hover 32 | . . . . . . . 23 . . . . 9 Flight 1542 | . . . . . 64 . 1146 171 140 . . 21 Fastest Speed 29 | 50 100 100 120 120 114 120 29 39 39 120 50 50 Average Speed 92 | 103 100 114 120 120 128 124 37 39 91 120 90 174 Slowest Speed 400 | 120 100 250 120 120 240 400 109 39 260 120 120 400 Overloaded Moves . | . . . . . . . . . . . . . Propulsion Burnouts . | . . . . . . . . . . . . . Robots Hopped 1 | . . . . . . . 1 . . . . . Cave-ins Triggered . | . . . . . . . . . . . . . Exploration Rate (%) 33 | 4 24 68 13 53 28 11 94 26 12 . 66 8 Regions Visited 12 Branch Regions 4 Pre-discovered Areas 1 | . . . . 1 . . . . . . . . Known Exits Taken 2 | . . . . . . . . . 1 1 . . Unknown Exits Taken 9 | 1 1 1 1 1 1 1 1 1 . . . . Scrap Searched 5 | . . . . . . . 4 1 . . . . Spaces Dug . | . . . . . . . . . . . . . Terrain Destroyed 49 | . 13 36 . . . . . . . . . . Melee . | . . . . . . . . . . . . . Projectile . | . . . . . . . . . . . . . AOE 49 | . 13 36 . . . . . . . . . . Terrain Rammed . | . . . . . . . . . . . . . Walls Destroyed . | . . . . . . . . . . . . . Machines Disabled . | . . . . . . . . . . . . . Actions | -11 -10 -10 -9 -9 -8 -7 -7 -7 -6 -5 -5 -4 --------- Run | Yrd Mat Min Mat Min Mat Fac Low Low Fac Fac DSF Fac Total 5119 | 94 211 522 182 429 617 436 1371 200 433 8 82 534 Wait 443 | . 51 61 11 56 35 13 83 16 1 . 8 108 Move 4052 | 62 144 428 142 355 430 352 1223 170 371 5 58 312 Hop 1 | . . . . . . . 1 . . . . . Pick Up 143 | 16 3 4 6 4 31 14 16 4 12 . 5 28 Fast Attach . | . . . . . . . . . . . . . Attach 83 | 7 . 4 4 . 9 5 14 1 9 1 4 25 Detach 19 | . . . . . 3 1 3 . 4 2 1 5 Swap 72 | 2 3 7 4 1 23 13 7 3 7 . . 2 Drop 78 | 1 3 5 1 1 30 11 5 4 9 . . 8 Fire 133 | 6 7 13 14 12 56 8 11 . . . 1 5 Melee 93 | . . . . . . 19 8 2 20 . 5 39 Ram 2 | . . . . . . . . . . . . 2 Kick . | . . . . . . . . . . . . . Crush . | . . . . . . . . . . . . . Escape Stasis . | . . . . . . . . . . . . . Rewire . | . . . . . . . . . . . . . Trap . | . . . . . . . . . . . . . Miscellaneous . | . . . . . . . . . . . . . Route ------- -11/Scrapyard -10/Materials (discovered 2 exits: [*Min] / [Sub]) -10/Mines -9/Materials -9/Mines -8/Materials -7/Factory -7/Lower Caves -7/Lower Caves -6/Factory -5/Factory -5/DSF -4/Factory History --------- Turn | Location | Event 2 | -11/Scrapyard | Met Revision 17 7 | -11/Scrapyard | Discovered new exit (range 14) 108 | -11/Scrapyard | Entered Materials 145 | -10/Materials | Discovered new exit (range 14) 291 | -10/Materials | Discovered new exit (range 16) 313 | -10/Materials | Build established: Mutant 334 | -10/Materials | Entered Mines 371 | -10/Mines | YI-UF0 nonchalantly dropped a Grenade Launcher on the ground 527 | -10/Mines | Discovered new exit (range 15) 602 | -10/Mines | Destroyed 7 combat bots 708 | -10/Mines | Found a damaged Exp. Sensor Array with a note attached 710 | -10/Mines | Found Prototype Device 711 | -10/Mines | Identified Exp. Sensor Array 943 | -10/Mines | Entered Materials 943 | -9/Materials | Evolved 2 slots: Propulsion x1, Utility x1 1119 | -9/Materials | Discovered new exit (range 15) 1181 | -9/Materials | Entered Mines 1349 | -9/Mines | Assembled infested the area 1349 | -9/Mines | Build established: Scavenger-Mutant 1423 | -9/Mines | Discovered new exit (range 9) 1480 | -9/Mines | Found a hidden stash of uninstalled traps 1639 | -9/Mines | Learned location of Storage (-7) 1703 | -9/Mines | Entered Materials 1703 | -8/Materials | Evolved 2 slots: Utility x2 2083 | -8/Materials | Lost 3 parts (1p2u) 2358 | -8/Materials | Garrison activated, responded to threat 2518 | -8/Materials | Discovered new exit (range 5) 2530 | -8/Materials | Entered Factory 2530 | -7/Factory | Evolved 2 slots: Power x1, Propulsion x1 2747 | -7/Factory | Garrison activated, responded to threat 2989 | -7/Factory | Discovered new exit (range 16) 3099 | -7/Factory | Entered Lower Caves 3130 | -7/Lower Caves | Lost 5 parts (3n1u1w) 3199 | -7/Lower Caves | Lost 3 parts (1p2u) 3325 | -7/Lower Caves | Learned location of 1 exit from Factory 3467 | -7/Lower Caves | Build established: Scavenger-Sprinter 3643 | -7/Lower Caves | Encountered a Warlord checkpoint 3717 | -7/Lower Caves | Discovered new exit (range 11) 3743 | -7/Lower Caves | Entered another Lower Caves area 3749 | -7/Lower Caves | Attracted the attention of an 0b10 checkpoint 3835 | -7/Lower Caves | Discovered new exit (range 14) 3842 | -7/Lower Caves | Entered Factory 3842 | -6/Factory | Evolved 2 slots: Propulsion x1, Weapon x1 3843 | -6/Factory | Identified exit to Factory 4276 | -6/Factory | Entered another Factory area 4276 | -5/Factory | Evolved 2 slots: Propulsion x1, Weapon x1 4284 | -5/Factory | Identified exit to DSF 4284 | -5/Factory | Entered DSF 4304 | -5/DSF | Lost 8 parts (2p4n2u) 4308 | -5/DSF | Additional patrols routed to DSF 4334 | -5/DSF | Core integrity fell below 50% 4360 | -5/DSF | Discovered new exit (range 11) 4365 | -5/DSF | Core integrity fell below 20% 4371 | -5/DSF | Entered Factory 4371 | -4/Factory | Evolved 2 slots: Propulsion x1, Utility x1 4400 | -4/Factory | Lost 9 parts (1p1n5u2w) 4556 | -4/Factory | Build established: Mutant 4933 | -4/Factory | Found Heavy Servo Lattice 5017 | -4/Factory | Spotted B-86 Titan 5104 | -4/Factory | Core integrity fell below 50% 5171 | -4/Factory | Core integrity fell below 20% 5177 | -4/Factory | Destroyed by P-70 Sage with Tesla Rifle Last Messages --------------- Slammed into K-01 Serf. Slammed into W-44 Eye. O-24 Administrator: "IFF HANDSHAKE FAILED. SECURING TERMINAL." ALERT: Hostiles spotted, dispatching reinforcements to Terminal F017. Identified Adv. Matter Compressor. Wheel destroyed. Imp. Targeting Computer destroyed. P-70 Sage resets P-70 Sage, system corruption cleaned. Assembly Bed disabled. Matter Compressor destroyed. Imp. Targeting Computer destroyed. Critical hit (Burn: +50). Nuclear Reactor explodes. Fusion Modulator explodes. Nuclear Reactor explodes. Penetrated by Slug. System corrupted: Heat flow error (+186). Map ----- +----------------------------------------------------+ | """"" # !!# ! #?????# | | """ ! + ]=+ % #?????# | | ! # # % #?????# | | # # !!! #?????#! | | ############### # !!! #?????# | | # # !!! #?????# | | # # #?????# | | # # ! #????## | | + # ##### | | # [ ########### ## | | # ###+###########???????# | | # # ! #????????????# | | ####### #?????????#### # | | #?????# #?????????# | | ??????# #???????????# | | ??????# #???????????# | | ??????# #????????##### | | ??????# #????????# | | ??????# #????????# | | ??????# #????????# # # "" # | | ??????##########????????# # ##### ## T" | | ????????????????????????# p " | | ????????????????????????# # ######## | | ????????????????????????# # #??????# ### | | ????????????????????????# # #????#####+##### | | ????????????????????????#@ # #????# / | | ????????????????????????###### #????# """""" # | | ????????????????????????????? +????# """""" # | | ?????????????????????????????##?????# """"" + | | ????????????????????????????????????# """""" #### | | ????????????????????????????????????# #??? | | ????????????????????????????????????# #??? | | ????????????????????????????????????# #??? | | ????????????????????????????????????###########??? | | | | | | | | | | | | | | | | | | | | | | | | | | | | | | | | | +----------------------------------------------------+ Best States ------------- Heat Dissipation 62 Energy Generation 29 Energy Capacity 525 Matter Stores 553 Matter Capacity 950 Sight Range 16 Robot Scan Range 20 Terrain Scan Range 16 Terrain Scan Density 10 ECM Strength 1 Additional Mass Support 9 Base Temperature (-) 100 Armor Coverage 300 Resistance: EM 15 Core Shielding 20 Power Shielding 33 Weapon Shielding 66 Melee Speed Boost 20 Evasion (%) 64 Targeting Accuracy 24 Melee Accuracy 16 Recoil Reduction 1 Offensive Hacking 12 Defensive Hacking 10 Item Schematics ----------------- Power Shielding | -9/Materials | Scanalyzed Robot Schematics ------------------ None Fabricated ------------ Nothing Alien Tech Used ----------------- None Achievements -------------- Universal Adapter Challenges ------------ None Game ------ Seed IonAntimissileMagmablaster Manual? 0 Play Time 02:34:29 Cumulative 14.2 hours Start 2024.10.20 @ 20:02:26 End 2024.10.20 @ 22:43:25 Sessions 1 Manual Loads 0 Difficulty Rogue Special Mode None Game No. 15 Rogue 15 Adventurer 0 Explorer 0 Win Type - Total 0 Types 0/0/0/0/0/0/0/0/0 Lore% 3 Gallery% 15 Achievement% 12 Wizard Run 0 Options --------- Layout 1 ASCII 0 Keyboard 1 Movement Numpad Keybinds 0 Fullscreen 1 Font 24/Smallcaps Map View 50x35 Zoom Use 0% Tactical HUD 0 Map Filters NONE Filters NONE Steam 1 RUN: 19e694f7-be1c-407f-a0ac-284eea2fce8e